 Dungeon Crawl Stone Soup version 0.23-a0-494-g91793a9 (webtiles) character file.

174 zishaf the Skirmisher (level 5, -6/44 HPs)
             Began as a Formicid Monk on Dec 4, 2018.
             Mangled by an iguana (7 damage)
             ... on level 4 of the Dungeon.
             The game lasted 00:06:08 (3641 turns).

zishaf the Skirmisher (Formicid Monk)               Turns: 3641, Time: 00:06:08

Health: -6/44      AC:  6    Str: 15 (17) XL:     5   Next: 84%
Magic:  5/5        EV: 10    Int:  8 (9)  God:
Gold:   151        SH:  0    Dex: 13      Spells: 4/4 levels left

rFire    . . .     SeeInvis +   a - +0 spear
rCold    . . .     Gourm    .   (no shield)
rNeg     . . .     Faith    .   n - +0 scale mail
rPois    +         Spirit   .   (helmet unavailable)
rElec    .         Reflect  .   (no cloak)
rCorr    .         Harm     .   (no gloves)
MR       .....                  (no boots)
Stlth    +.........             (no amulet)
HPRegen  0.14/turn              l - ring of poison resistance
MPRegen  0.09/turn              d - +2 ring of slaying

@: no status effects
A: permanent stasis, dig shafts and tunnels, four strong arms, antennae 3
a: Dig, Shaft Self


You were on level 4 of the Dungeon.
You were hungry.

You visited 1 branch of the dungeon, and saw 4 of its levels.

You collected 151 gold pieces.

Inventory:

Hand Weapons
 a - a +0 spear (weapon)
 b - a +0 blowgun
Missiles
 f - a throwing net (quivered)
 k - 14 poisoned needles
Armour
 n - a +0 scale mail (worn)
Jewellery
 d - a +2 ring of slaying (right hand)
 l - a ring of poison resistance (left hand)
Wands
 o - a wand of acid (7)
Scrolls
 e - 3 scrolls of remove curse {unknown}
 g - 2 scrolls of teleportation {unknown}
 i - 4 scrolls of identify {unknown}
 j - a scroll of fear {unknown}
Potions
 h - a potion of heal wounds {unknown}
Comestibles
 c - 5 rations


   Skills:
 + Level 5.1 Fighting
 + Level 4.6 Polearms
 - Level 3.0 Dodging
 - Level 2.4 Stealth


You had 4 spell levels left.
You didn't know any spells.
Your spell library was empty.

Dungeon Overview and Level Annotations

Branches:
Dungeon (4/15)
 Temple: D:4-7

Altars:
Dithmenos
Ru
Trog
Yredelemnul
The Shining One


Innate Abilities, Weirdness & Mutations

You cannot be hasted, slowed, berserked, paralysed or teleported.
You can dig through walls and to a lower floor.
Your four strong arms can wield two-handed weapons with a shield.
You have a pair of large antennae on your head. (SInv)


Message History

The iguana is severely wounded.
The iguana bites you.
You hit the iguana but do no damage.
The iguana is severely wounded.
You are feeling hungry.
You barely miss the iguana.
The iguana is severely wounded.
The iguana bites you!
* * * LOW HITPOINT WARNING * * *
You hit the iguana but do no damage.
The iguana is severely wounded.
The iguana barely misses you.
You hit the iguana but do no damage.
The iguana is severely wounded.
The iguana bites you.
* * * LOW HITPOINT WARNING * * *
You hit the iguana but do no damage.
The iguana is severely wounded.
The iguana bites you!
You die...

....... .......
....... ..?....
.......
.......######.#
........>.....#
#######l#######
#....#@#
#.#.##.#
#.#.##.#
#.#.##.#
#.#.##.#
#.#.##.#
#[#.##.#
#<#.##.#
###....#


You could see an iguana.

Vanquished Creatures
  A centaur zombie (D:3)
  An orc priest (D:3)
  A hound skeleton (D:4)
  2 adders (D:3)
  An ooze (D:3)
  4 worms (D:3)
  2 leopard geckos
  4 orcs (D:3)
  2 ball pythons
  2 giant cockroaches
  7 goblins
  5 hobgoblins (D:1)
  12 kobolds
  7 bats
  3 frilled lizards
  7 rats
61 creatures vanquished.

Notes
Turn   | Place    | Note
-------+----------+-------------------------------------------
     0 | D:1      | zishaf the Formicid Monk began the quest for the Orb.
     0 | D:1      | Reached XP level 1. HP: 18/18 MP: 1/1
   181 | D:1      | Reached XP level 2. HP: 17/24 MP: 2/2
   436 | D:1      | Reached XP level 3. HP: 21/30 MP: 3/3
   980 | D:2      | Noticed a phantom
  1026 | D:2      | Found a basalt altar of Yredelemnul.
  1092 | D:2      | Reached skill level 4 in Fighting
  1338 | D:3      | Reached XP level 4. HP: 37/37 MP: 4/4
  2381 | D:3      | Reached XP level 5. HP: 4/43 MP: 5/5
  2892 | D:3      | Found a shadowy altar of Dithmenos.
  2894 | D:3      | Found a sacrificial altar of Ru.
  2895 | D:3      | Found a glowing golden altar of the Shining One.
  3041 | D:3      | Reached skill level 5 in Fighting
  3047 | D:3      | Noticed a moth of wrath
  3050 | D:3      | Found a bloodstained altar of Trog.
  3640 | D:4      | HP: 1/44 [iguana (3)]
  3641 | D:4      | Mangled by an iguana

Vault maps used:
D:1:      lightli_arrival_quake, minmay_stone_trees_small, st_stairs_4
D:2:      yredelemnul_altar_generic
D:3:      tgw_trog, minitemple, first_ration
D:4:      lightli_ossuary_entry_decrepit_ruins

Skill      XL: |  1  2  3  4  5 |
---------------+----------------+-----
Dodging        | 3 |  3.0
Fighting       | 4 5 |  5.1
Polearms       | 4 |  4.6
Stealth        | |  2.4

Action                   |  1- 3 |  4- 6 || total
-------------------------+-------+-------++-------
Melee: Spear             |   125 |   201 ||   326
Throw: Throwing net      |     1 |       ||     1
  Use: Potion            |     2 |       ||     2
 Stab: Sleeping          |    12 |     1 ||    13
  Eat: Chunk             |     1 |     4 ||     5
       Ration            |       |     1 ||     1
Armor: Robe              |    14 |     4 ||    18
       Scale mail        |       |    23 ||    23
Dodge: Dodged            |    68 |    67 ||   135

Table legend:
 A = Non-vault XP
 B = Vault XP
 C = Vault XP percentage of total XP
 D = Non-vault monster count
 E = Vault monster count
 F = Vault count percentage of total count
                 A         B        C        D         E       F
            +---------+---------+-------+---------+---------+-------
      Total |     227 |      22 |   8.8 |      54 |       7 |  11.5
            +---------+---------+-------+---------+---------+-------
        D:1 |      28 |       5 |  15.2 |      18 |       2 |  10.0
        D:2 |      21 |       0 |   0.0 |      13 |       0 |   0.0
        D:3 |     160 |      17 |   9.6 |      22 |       5 |  18.5
        D:4 |      18 |       0 |   0.0 |       1 |       0 |   0.0
            +---------+---------+-------+---------+---------+-------
